 Dungeon Crawl Stone Soup version 0.28-a0-793-g31680bbd8b (webtiles) character file.

Game seed: 14269814504529633977

1 Pooter the Stinger (level 1, 0/13 HPs)
             Began as a Demonspawn Venom Mage on Nov 4, 2021.
             Succumbed to an adder's poison
             ... on level 2 of the Dungeon.
             The game lasted 00:01:36 (267 turns).

Pooter the Stinger (Demonspawn Venom Mage)           Turns: 267, Time: 00:01:37

Health: 0/13       AC:  2    Str:  8    XL:     1   Next: 16%
Magic:  0/3        EV: 12    Int: 16    God:
Gold:   12         SH:  0    Dex: 13    Spells: 3/4 levels left

rFire   . . .      SeeInvis .   (no weapon)
rCold   . . .      Faith    .   (no shield)
rNeg    . . .      Spirit   .   a - +0 robe
rPois   .          Reflect  .   (no helmet)
rElec   .          Harm     .   (no cloak)
rCorr   .          Rampage  .   (no gloves)
Will    .....                   (no boots)
Stlth   ++........              (no amulet)
HPRegen 0.04/turn               (no ring)
MPRegen 0.08/turn               (no ring)

@: lethally poisoned (0 -> -7)
A: no striking features
a: no special abilities


You were on level 2 of the Dungeon.
You visited 1 branch of the dungeon, and saw 2 of its levels.

You collected 12 gold pieces.

Inventory:

Armour
 a - a +0 robe (worn)


   Skills:
 + Level 1.7 Dodging
 + Level 1.8 Stealth
 + Level 2.0 Spellcasting
 * Level 0.9 Transmutations
 + Level 3.0 Poison Magic


You had 3 spell levels left.
You knew the following spells:

 Your Spells              Type           Power      Damage    Failure   Level
a - Sting                 Tmut/Pois      28%        1d4       10%         1

Your spell library contained the following spells:

 Spells                   Type           Power      Damage    Failure   Level
 Poisonous Vapours        Pois/Air       12%        N/A       17%         2
 Mephitic Cloud           Conj/Pois/Air  4%         N/A       38%         3
 Olgreb's Toxic Radiance  Pois           11%        N/A       52%         4


Dungeon Overview and Level Annotations

Branches:
Dungeon (1/15)

Altars:


Message History

You hit the quokka.
You kill the quokka!
You start resting.
Unknown command.
You start resting.
You see here a quokka corpse.
You now have 12 gold pieces.
You open the door.
You fall into a shaft and drop 1 floor!
The shaft crumbles and collapses.
A bat and an adder come into view.
The adder hisses angrily.
Found an orange potion.
You aren't carrying any scrolls.
You aren't carrying any potions.
The bat misses you.
Found a brown potion.
The bat hits you.
A frilled lizard comes into view.
Found a stone staircase leading down.
The bat closely misses you.
The frilled lizard hisses angrily.
The bat barely misses you. The bat completely misses you.
The bat closely misses you.
Unknown command.
The bat closely misses you.
There is a stone staircase leading down here.
Aim: an adder (48% to hit)
The sting hits the adder.
The adder is poisoned.
The bat hits you but does no damage. The adder closely misses you.
Aim: an adder (moderately wounded, poisoned, 48% to hit)
The sting misses the adder.
The bat hits you but does no damage. The adder bites you.
The bat barely misses you.
Aim: an adder (moderately wounded, poisoned, 48% to hit)
The sting hits the adder.
The adder looks even sicker.
* * * LOW MAGIC WARNING * * *
The bat hits you but does no damage.
The frilled lizard bites you but does no damage.
The adder bites you.
You are poisoned.
The adder poisons you!
You barely miss the adder.
You feel sick. The bat closely misses you. The adder bites you.
* * * LOW HITPOINT WARNING * * *
You are more poisoned.
The adder poisons you! The frilled lizard barely misses you.
The adder bites you.
* * * LOW HITPOINT WARNING * * *
You hit the adder but do no damage.
You die...

.#.# ...#
.#########..#
.............#
#..........b..#
#.............# .
#.............#####.#
.
#...........S@......#
..
#...........l########
.. #......!.....#
..##...........!#
................#
................#
................#
......####....###
#.....# #....#


You could see an adder (very poisoned), a bat and a frilled lizard.

Vanquished Creatures
  A quokka (D:1)
1 creature vanquished.

Notes
Turn   | Place    | Note
-------+----------+-------------------------------------------
     0 | D:1      | Pooter the Demonspawn Venom Mage began the quest for the
                  | Orb.
     0 | D:1      | Reached XP level 1. HP: 13/13 MP: 3/3
   249 | D:1      | You fall into a shaft and drop 1 floor!
   267 | D:2      | Succumbed to an adder's poison

Illustrated notes

Levels and vault maps discovered:
D:1:      psy_arrival_basics, layout_basic, hex_tiny
D:2:      layout_basic, chequers_ecumenical_altar_simple,
          chequers_serial_rivers_micro_e, minmay_tiny_reverse_x

Action                   || total
-------------------------++-------
Melee: Unarmed           ||     6
 Cast: Sting             ||     6
Armor: Robe              ||     4
Dodge: Dodged            ||    15

Table legend: (Time is in decaauts)
 A = Elapsed time spent in this place.
 B = Non-inter-level travel time spent in this place.
 C = Inter-level travel time spent in this place.
 D = Time resting spent in this place.
 E = Time spent auto-exploring this place.
 F = Levels seen in this place.
 G = Mean time per level.
                   A        B        C        D        E       F      G
               +--------+--------+--------+--------+--------+-----+--------+
         Total |    266 |    266 |      0 |    180 |     54 |   2 |  133.0 |
       Dungeon |    266 |    266 |      0 |    180 |     54 |   2 |  133.0 |
               +--------+--------+--------+--------+--------+-----+--------+

Top non-repeatable levels by time:
     D:1: 249 daAuts
     D:2: 17 daAuts
